 Dungeon Crawl Stone Soup version 0.26.1 (webtiles) character file.

Game seed: 10466152259664137282

244 Gadfly the Cudgeller (level 6, 0/59 HPs)
             Began as an Ogre Gladiator on Feb 6, 2021.
             Was an Initiate of Okawaru.
             Slain by Grinder (11 damage)
             ... on level 3 of the Dungeon.
             The game lasted 00:03:19 (3090 turns).

Gadfly the Cudgeller (Ogre Gladiator)               Turns: 3090, Time: 00:03:19

Health: 0/59       AC:  6    Str: 23    XL:     6   Next: 10%
Magic:  8/8        EV: 10    Int:  9    God:    Okawaru [......]
Gold:   211        SH:  0    Dex: 10    Spells: 5/5 levels left

rFire    . . .     SeeInvis .   b - +1 whip (venom)
rCold    . . .     Faith    .   (no shield)
rNeg     . . .     Spirit   .   f - +0 robe
rPois    .         Reflect  .   c - +0 hat
rElec    .         Harm     .   l - +0 cloak (curse)
rCorr    .         Rampage  .   (gloves unavailable)
Will     .....                  (boots unavailable)
Stlth    +.........             (no amulet)
HPRegen  0.19/turn              (no ring)
MPRegen  0.11/turn              (no ring)

@: no status effects
A: large, unfitting armour, iridescent scales 1, strong 1, tough skin 1
a: Renounce Religion


You were on level 3 of the Dungeon.
You worshipped Okawaru.
Okawaru was noncommittal.
You visited 1 branch of the dungeon, and saw 4 of its levels.

You collected 211 gold pieces.

Inventory:

Hand Weapons
 a - a +0 flail
 b - a +1 whip of venom (weapon)
Missiles
 d - 3 throwing nets
 g - 105 stones (quivered)
Armour
 c - a +0 hat (worn)
 f - a +0 robe (worn)
 l - a cursed +0 cloak (worn)
Scrolls
 e - 4 scrolls of teleportation
 h - a scroll of fear {unknown}
 m - a scroll of identify
Potions
 k - a potion of heal wounds {unknown}


   Skills:
 - Level 2.6 Fighting
 + Level 3.3 Maces & Flails
 + Level 2.7 Throwing
 * Level 2.2 Armour
 - Level 2.6 Dodging
 * Level 2.8 Invocations
 * Level 2.1 Evocations


You had 5 spell levels left.
You didn't know any spells.
Your spell library was empty.

Dungeon Overview and Level Annotations

Branches:
Dungeon (4/15)
 Temple: D:4-7

Altars:
Ashenzari
Elyvilon
Kikubaaqudgha
Okawaru
Ru
Trog

Annotations:
D:3 Grinder


Innate Abilities, Weirdness & Mutations

You are too large for most types of armour.
You have tough skin. (AC +1)
You are partially covered in iridescent scales. (AC +2)
Your muscles are strong. (Str +2)


Message History

Grinder hits you.
You writhe in agony.
It was a potion of curing.
You feel better. Grinder hits you!
You writhe in agony.
You hit Grinder.
Grinder is moderately wounded.
Grinder closely misses you.
You closely miss Grinder.
Grinder is moderately wounded.
Grinder gestures at you. Pain shoots through your body!
You hit Grinder.
Grinder looks as sick as possible!
Grinder is heavily wounded.
Grinder hits you!
* * * LOW HITPOINT WARNING * * *
Unknown command.
It was a potion of mutation.
You feel extremely strange.
Iridescent scales grow over part of your body.
You feel stronger. Grinder hits you!
You die...

..........# .....!.....# #
....._.....+ .. ......g....#
..# ...........# ...#
.._..⌠.._..# ....#
.......$.†.###########....##
......(...>.....@5b((..(...+
....._.(.#+#################
####?..#.......#
#####.....[.## #........####
#...........# #...........#
#...........# #...........#


You could see Grinder (extremely poisoned) and a bat.

Vanquished Creatures
  A howler monkey (D:3)
  Jessica (D:3)
  Terence (D:3)
  A worker ant (D:4)
  2 adders
  4 gnolls (D:2)
  A worm (D:2)
  2 leopard geckos (D:1)
  8 orcs (D:3)
  5 giant cockroaches
  11 goblins
  5 hobgoblins
  A jackal (D:1)
  A quokka (D:2)
  3 ball pythons
  5 bats
  2 frilled lizards
  9 kobolds
  3 rats
66 creatures vanquished.

Vanquished Creatures (others)
  5 toadstools (D:1)
5 creatures vanquished.

Grand Total: 71 creatures vanquished

Notes
Turn   | Place    | Note
-------+----------+-------------------------------------------
     0 | D:1      | Gadfly the Ogre Gladiator began the quest for the Orb.
     0 | D:1      | Reached XP level 1. HP: 22/22 MP: 1/1
   364 | D:1      | Reached XP level 2. HP: 29/29 MP: 2/2
   573 | D:1      | Reached skill level 1 in Invocations
  1053 | D:1      | Reached XP level 3. HP: 36/36 MP: 3/3
  1245 | D:2      | Reached skill level 1 in Evocations
  1433 | D:2      | Reached skill level 1 in Armour
  1567 | D:2      | Found a bloodstained altar of Trog.
  1567 | D:2      | Found an iron altar of Okawaru.
  1645 | D:2      | Became a worshipper of Warmaster Okawaru
  1806 | D:2      | Reached XP level 4. HP: 36/44 MP: 5/5
  1878 | D:2      | Reached skill level 3 in Maces & Flails
  2274 | D:3      | Noticed Jessica
  2279 | D:3      | Killed Jessica
  2280 | D:3      | Reached XP level 5. HP: 50/50 MP: 6/6
  2339 | D:3      | Noticed Terence
  2350 | D:3      | Killed Terence
  2677 | D:3      | Found a white marble altar of Elyvilon.
  2680 | D:3      | Found a broken altar of Ashenzari.
  2680 | D:3      | Found an ancient bone altar of Kikubaaqudgha.
  2680 | D:3      | Found a sacrificial altar of Ru.
  2680 | D:3      | Noticed Grinder
  2891 | D:4      | Reached XP level 6. HP: 54/59 MP: 8/8
  2963 | D:3      | Paralysed by Grinder for 4 turns
  3065 | D:3      | Paralysed by Grinder for 3 turns
  3090 | D:3      | Gained mutation: You are partially covered in iridescent
                  | scales. (AC +2) [potion of mutation]
  3090 | D:3      | Gained mutation: Your muscles are strong. (Str +2) [potion
                  | of mutation]
  3090 | D:3      | Slain by Grinder

Illustrated notes

Levels and vault maps discovered:
D:1:      ldierk_walled_garden, layout_basic, st_stairs_1
D:2:      layout_rooms, gammafunk_temple_overflow_pools
D:3:      layout_basic, grunt_temple_overflow_open, lemuel_round_altar,
          uniq_jessica, uniq_grinder, uniq_terence
D:4:      layout_layer_cave, minmay_temple_entry_slanted, serial_shops,
          nicolae_shop_trees, chequers_serial_rivers_room_b

Skill      XL: |  1  2  3  4  5 |
---------------+----------------+-----
Invocations    | 1 2 |  2.8
Evocations     | 1 2 |  2.1
Armour         | 1 2 |  2.2
Maces & Flails | 3 |  3.3
Fighting       | |  2.6
Throwing       | |  2.7
Dodging        | |  2.6

Action                   |  1- 3 |  4- 6 || total
-------------------------+-------+-------++-------
Melee: Flail             |    37 |       ||    37
       Whip              |    58 |    85 ||   143
Throw: Throwing net      |     1 |       ||     1
       Stone             |    14 |    16 ||    30
  Use: Scroll            |     2 |     3 ||     5
       Potion            |       |     2 ||     2
 Stab: Sleeping          |       |     1 ||     1
Armor: Robe              |    32 |    18 ||    50
Dodge: Dodged            |    64 |    32 ||    96
